General information
			 
			
        
        - name: 1v1 Twisted Meadow w/ obs
- type: Custom game
- host: Tien
- saver: VICTIMOFFATEX2
 map: TwistedMeadows
- players: 7
- length: 09:53
- speed: Fast
- version: 1.21 W3XP
- replay type:  Public
 » download(37 KB)
Players
        team 1 (loser) 
              
               SODA.Coke
SODA.Coke (
blue | 99 APM | 979 actions | 09:52)
              
 1 Demon Hunter
 1 Demon Hunter  1
 1 Mana Burn
 1 Pandaren Brewmaster
 1 Pandaren Brewmaster  1
 1 Breath of Fire
                | Assign group hotkey | 15 |  | 
| Basic commands | 4 |  | 
| Build / train | 33 |  | 
| Enter build submenu | 12 |  | 
| Enter hero's abilities submenu | 2 |  | 
| Remove unit from queue | 7 |  | 
| Right click | 564 |  | 
| Select / deselect | 188 |  | 
| Select group hotkey | 121 |  | 
| Use ability | 33 |  | 
                979 total
 » units 
                
                | Wisp | 11 |  | 
| Archer | 7 |  | 
| Dryad | -4 |  | 
| Druid of the Claw | 3 |  | 
                17 total
 » upgrades
                
                | Improved Bows | 1 |  | 
| Druid of the Claw Training | 1 |  | 
                2 total
 » buildings
                
                | Altar of Elders | 1 |  | 
| Moon Well | 4 |  | 
| Ancient of War | 1 |  | 
| Tree of Ages | 1 |  | 
| Hunter's Hall | 1 |  | 
| Ancient of Lore | 2 |  | 
| Tree of Eternity | 1 |  | 
                11 total
 » build order
                00:06 Altar of Elders
00:19 Moon Well
00:48 Ancient of War
01:27 Moon Well
02:46 Tree of Ages
03:32 Moon Well
03:36 Hunter's Hall
04:18 Moon Well
05:22 Ancient of Lore
05:26 Ancient of Lore
07:14 Tree of Eternity
 team 2 (winner) 
              
               VICTIMOFFATEX2
VICTIMOFFATEX2 (
teal | 124 APM | 1226 actions | 09:53)
              
 3 Death Knight
 3 Death Knight  1
 1 Death Coil
 2
 2 Unholy Aura
                | Assign group hotkey | 71 |  | 
| Basic commands | 89 |  | 
| Build / train | 35 |  | 
| Enter build submenu | 26 |  | 
| Enter hero's abilities submenu | 6 |  | 
| Right click | 478 |  | 
| Select / deselect | 207 |  | 
| Select group hotkey | 272 |  | 
| Use ability | 42 |  | 
                1226 total
 » units 
                
                | Acolyte | 3 |  | 
| Ghoul | 10 |  | 
| Meatwagon | 3 |  | 
| Abomination | 2 |  | 
                18 total
 » upgrades
                
                | Unholy Strength | 1 |  | 
| Ghoul Frenzy | 1 |  | 
                2 total
 » buildings
                
                | Crypt | 2 |  | 
| Graveyard | 2 |  | 
| Ziggurat | 5 |  | 
| Altar of Darkness | 1 |  | 
| Tomb of Relics | 1 |  | 
| Halls of the Dead | 2 |  | 
| Black Citadel | 1 |  | 
| Slaughterhouse | 2 |  | 
                16 total
 » build order
                00:05 Crypt
00:06 Crypt
00:10 Graveyard
00:12 Graveyard
00:37 Ziggurat
00:59 Altar of Darkness
01:43 Tomb of Relics
02:18 Halls of the Dead
02:19 Halls of the Dead
02:49 Ziggurat
05:12 Black Citadel
05:14 Slaughterhouse
05:29 Slaughterhouse
05:54 Ziggurat
07:27 Ziggurat
09:01 Ziggurat
» items
                
                | Rod of Necromancy | 2 |  | 
| Sacrificial Skull | 1 |  | 
                3 total
  observersTien, 
Hidezou, 
Shyhalu, 
Mr.Neurosis, 
ZzzHhhFff Chat log
          (00:22 / All) VICTIMOFFATEX2: u suck
(00:27 / All) VICTIMOFFATEX2: like
(00:29 / All) VICTIMOFFATEX2: u suckkkkkkkkk
(00:36 / All) SODA.Coke: Thats what your mother said
(00:45 / All) VICTIMOFFATEX2: i p0n u
(02:17 / All) VICTIMOFFATEX2: noob i pwn j00
(02:30 / All) VICTIMOFFATEX2: lpz get a dh
(02:31 / All) VICTIMOFFATEX2: lpz get a dh
(02:34 / All) VICTIMOFFATEX2: YESSS
(03:35 / All) VICTIMOFFATEX2: u already lost
(03:36 / All) VICTIMOFFATEX2: if i were u
(03:38 / All) VICTIMOFFATEX2: i'd jstu fuckin leave
(05:35 / All) VICTIMOFFATEX2: idiot
(05:43 / All) VICTIMOFFATEX2: let ur hero get surroudned
(05:47 / All) VICTIMOFFATEX2: trying to be some fancy little ninny
(05:49 / All) VICTIMOFFATEX2: running around like a jew
(05:59 / All) VICTIMOFFATEX2: u ever seen the inside of an oven boy?
(08:58 / All) VICTIMOFFATEX2: say hello to my little friend
(09:33 / All) VICTIMOFFATEX2: gg u stupid fuck